 Dungeon Crawl Stone Soup version 0.23.2 (webtiles) character file.

Game seed: 18390046737945182182

182 Borgoz the Sneak (level 5, -2/44 HPs)
             Began as a Ghoul Assassin on Apr 5, 2019.
             Slain by an orc priest
             ... wielding a +0 whip
              (5 damage)
             ... on level 3 of the Dungeon.
             The game lasted 00:03:25 (2272 turns).

Borgoz the Sneak (Ghoul Assassin)                   Turns: 2272, Time: 00:03:26

Health: -2/44      AC:  7    Str: 12 (15) XL:     5   Next: 62%
Magic:  4/4        EV:  9    Int:  4 (6)  God:
Gold:   189        SH:  0    Dex: 10 (11) Spells: 4/4 levels left

rFire    . . .     SeeInvis .   a - +2 dagger
rCold    + . .     Gourm    .   (no shield)
rNeg     + + +     Faith    .   k - +0 scale mail
rPois    ∞         Spirit   .   (no helmet)
rElec    .         Reflect  .   p - scarf {repulsion}
rCorr    .         Harm     .   (no gloves)
MR       .....                  j - +0 pair of boots (curse)
Stlth    +.........             (no amulet)
HPRegen  0.00/turn              (no ring)
MPRegen  0.09/turn              (no ring)

@: rotting, repel missiles
A: rotting body, claws 1, carnivore, cold resistance 1, negative energy
resistance 3, inhibited regeneration, torment resistance, unbreathing
a: no special abilities


You were on level 3 of the Dungeon.
You were not hungry.

You visited 1 branch of the dungeon, and saw 3 of its levels.

You collected 189 gold pieces.

Inventory:

Hand Weapons
 a - a +2 dagger (weapon)
 b - a +0 blowgun
Missiles
 e - 22 poisoned needles
 f - 2 curare-tipped needles
Armour
 j - a cursed +0 pair of boots (worn)
 k - a +0 scale mail (worn)
 p - a scarf of repulsion (worn)
Scrolls
 c - 2 scrolls of identify {unknown}
 m - 2 scrolls of enchant weapon {unknown}
 o - 2 scrolls of teleportation {unknown}
 s - 2 scrolls of remove curse {unknown}
 t - a scroll of fear {unknown}
 u - a scroll of blinking {unknown}
Potions
 h - a potion of flight
 i - a potion of haste
 l - a potion of might
Comestibles
 d - 3 chunks of flesh
 g - 5 rations


   Skills:
 + Level 2.9 Fighting
 * Level 3.0 Short Blades
 - Level 1.7 Throwing
 * Level 2.2 Armour
 * Level 2.4 Dodging
 + Level 4.8 Stealth


You had 4 spell levels left.
You didn't know any spells.
Your spell library was empty.

Dungeon Overview and Level Annotations

Branches:
Dungeon (3/15)

Altars:


Innate Abilities, Weirdness & Mutations

Your body is rotting away.
You thrive on raw meat.
You are immune to poison.
You have sharp fingernails.
You are carnivorous and can eat meat at any time.
Your flesh is cold resistant. (rC+)
You are immune to negative energy. (rN+++)
You do not regenerate when monsters are visible.
You are immune to unholy pain and torment.
You can survive without breathing.


Message History

There was something very wrong with that liquid.
You feel weakened.
You feel dopey.
You feel clumsy.
The orc priest calls upon Beogh to heal the orc wizard.
The orc wizard is healed somewhat.
The orc wizard hits you but does no damage.
It was a potion of curing.
You feel better.
The orc priest calls down the wrath of Beogh upon you.
Beogh smites you!
* * * LOW HITPOINT WARNING * * *
It was a potion of cancellation.
Your magical effects are unravelling.
You feel magically purged.
You feel yourself slow down.
You float gracefully downwards.
You feel a little less mighty now.
The orc wizard hits you but does no damage.
You hit the orc priest.
The orc priest is almost dead.
The orc priest hits you with a +0 whip.
You die...

.........####.# ##....
#(..(...###...#### #.
##.(##.)##.......# ##.
#...#..#..##....# #..
#..........#..[.# #).
#........#).....# #..
##...............# #>.
##.....oo....>....#####..
#.......@.#........##....
#......)...##...#........
#........#(####..#.....#.
##.......#...###.........
##...)..###..###.....###
#......# ##..##.#.....#
#......# ###.......##.#
#..>...# #.......#.....
#......# #.####...####.


You could see an orc priest and an orc wizard.

Vanquished Creatures
  A scorpion (D:3)
  A hound (D:2)
  3 adders
  An ooze (D:3)
  5 dart slugs
  2 leopard geckos (D:2)
  4 orcs
  5 bats
  2 giant cockroaches (D:2)
  8 hobgoblins
  4 jackals (D:2)
  3 kobolds
  A quokka (D:3)
  2 ball pythons
  3 frilled lizards
  5 goblins
  7 rats
57 creatures vanquished.

Notes
Turn   | Place    | Note
-------+----------+-------------------------------------------
     0 | D:1      | Borgoz the Ghoul Assassin began the quest for the Orb.
     0 | D:1      | Reached XP level 1. HP: 17/17 MP: 0/0
    41 | D:1      | Reached skill level 1 in Dodging
   139 | D:1      | Reached XP level 2. HP: 16/24 MP: 1/1
   936 | D:2      | Reached XP level 3. HP: 16/30 MP: 2/2
   994 | D:2      | Reached skill level 1 in Armour
  1212 | D:2      | Reached XP level 4. HP: 28/36 MP: 3/3
  1907 | D:3      | Reached XP level 5. HP: 42/42 MP: 4/4
  2272 | D:3      | Slain by an orc priest

Skill      XL: |  1  2  3  4  5 |
---------------+----------------+-----
Dodging        | 1 2 |  2.4
Short Blades   | 2 3 |  3.0
Armour         | 1 2 |  2.2
Fighting       | |  2.9
Throwing       | |  1.7
Stealth        | |  4.8

Action                   |  1- 3 |  4- 6 || total
-------------------------+-------+-------++-------
Melee: Dagger            |   109 |   169 ||   278
  Use: Potion            |       |     6 ||     6
 Stab: Sleeping          |     1 |     2 ||     3
  Eat: Chunk             |     1 |     4 ||     5
Armor: Scale mail        |    47 |    74 ||   121
       Robe              |     2 |       ||     2
Dodge: Dodged            |    46 |    74 ||   120
       Deflected         |       |     3 ||     3
